 Dungeon Crawl Stone Soup version 0.19.5 (webtiles) character file.

3095 Inarius the Blocker (level 9, -1/70 HPs)
             Began as a Minotaur Fighter on May 4, 2017.
             Was a Priest of Ru.
             Slain by Snorg (15 damage)
             ... on level 10 of the Dungeon.
             The game lasted 00:32:09 (8655 turns).

Inarius the Blocker (Minotaur Fighter)              Turns: 8655, Time: 00:32:10

Health: -1/70      AC: 22    Str: 21    XL:     9   Next: 59%
Magic:  8/8        EV:  3    Int:  6    God:    Ru [***...]
Gold:   85         SH: 16    Dex: 12    Spells: 0 memorised, 8 levels left

rFire  . . .     SeeInvis .     u - +3 whip (drain)
rCold  . . .     Gourm    +     A - +0 plate armour
rNeg   . . .     Faith    .     o - +0 large shield
rPois  .         Spirit   .     (helmet restricted)
rElec  .         Reflect  .     h - +2 cloak
rCorr  .         Harm     .     J - +0 pair of gloves
MR     +....                    (no boots)
Stlth  ..........               G - amulet of the gourmand
                                n - +6 ring of protection
                                v - ring of protection from magic

@: very heavily drained
A: retaliatory headbutt, horns 2, frail 1, sense surroundings 1, no stealth,
inexperienced 1
a: Draw Out Power, Renounce Religion


You were on level 10 of the Dungeon.
You worshipped Ru.
Ru was most pleased with you.
You were completely stuffed.

You visited 2 branches of the dungeon, and saw 11 of its levels.

You collected 529 gold pieces.
You spent 444 gold pieces at shops.

Inventory:

Hand Weapons
 u - a +3 whip of draining (weapon)
 E - a +0 whip of freezing
Armour
 h - a +2 cloak (worn)
 o - a +0 large shield (worn)
 A - a +0 plate armour (worn)
 J - a +0 pair of gloves (worn)
Jewellery
 b - an uncursed ring of see invisible
 m - an uncursed ring of positive energy
 n - a +6 ring of protection (right hand)
 v - a ring of protection from magic (left hand)
 G - an amulet of the gourmand (around neck)
 I - an uncursed ring of magical power
Wands
 e - a wand of flame (16/48)
 x - a wand of paralysis (15/24)
Scrolls
 a - 2 scrolls of blinking {unknown}
 c - 2 scrolls of recharging {unknown}
 l - 8 scrolls of remove curse {unknown}
 p - a scroll of enchant armour
 r - 2 scrolls of teleportation {unknown}
 y - 2 scrolls of magic mapping
 z - 2 scrolls of amnesia {unknown}
 D - a scroll of fear
 F - a scroll of silence {unknown}
 L - a scroll of noise
Potions
 d - 2 potions of might
 i - 2 potions of curing
 k - 2 potions of haste
 q - a potion of resistance
 t - 2 potions of flight
 B - a potion of magic
 C - a potion of agility
Comestibles
 f - 7 bread rations
 g - a royal jelly
 j - 5 beef jerkies
 s - 4 meat rations
 H - 9 chunks of flesh
 K - 7 slices of pizza


   Skills:
 + Level 6.8(3.0) Fighting
   Level 5.9(4.8) Axes
 + Level 9.9(6.4) Maces & Flails
 + Level 9.4(5.4) Armour
 + Level 2.8(0.0) Dodging
 + Level 12.7(8.3) Shields


You had 8 spell levels left.
You didn't know any spells.

Dungeon Overview and Level Annotations

Branches:
Dungeon (10/15)            Temple (1/1) D:4            Lair (0/6) D:9
    Orc: D:9-12

Altars:
Ashenzari
Cheibriados
Dithmenos
Elyvilon
Fedhas
Gozag
Hepliaklqana
Kikubaaqudgha
Makhleb
Nemelex Xobeh
Okawaru
Qazlal
Ru
Sif Muna
Trog
Uskayaw
Vehumet
Xom
Yredelemnul
Zin
The Shining One

Shops:
D:4 [   D:6 [   D:7 !?:=

Annotations:
D:10 Snorg, Sonja


Innate Abilities, Weirdness & Mutations

You reflexively headbutt those who attack you in melee.
You have a pair of horns on your head.
You are frail. (-10% HP)
You cannot be stealthy.
You are somewhat inexperienced. (-2 XL)
You passively map a small area around you.


Message History

* * * LOW HITPOINT WARNING * * *
You block Snorg's attack. x2; Snorg claws you but does no damage.
There is an open door, spattered with blood here.
Things that are here:
a club; a leather armour; an orc skeleton You block Snorg's attack. x2; Snorg claws you.
* * * LOW HITPOINT WARNING * * *
Things that are here:
a war axe; a plate armour Snorg bites you but does no damage.
Snorg claws you but does no damage. You block Snorg's attack. Snorg bites you!
* * * LOW HITPOINT WARNING * * *
You block Snorg's attack. x2
You feel much better. Snorg bites you!
* * * LOW HITPOINT WARNING * * *
Snorg claws you but does no damage. You block Snorg's attack.
Snorg is stunned by your will and fails to attack.
Snorg bites you!
You die...

#....))...# ####
#.........# ###...
#.........####.+.<.
*
#.........##...#...
,+.........#..###...
, ,, #.........'.##
#... * *
#.(.......### #...
*, #.T.......# #...
* ##@######## ####
#...# ####.####
#(......#
#.......### #####
#######.........#
#....
..............#...
#.... *
#######.......#*##
#.... #.......#
.....


You could see Snorg (berserk).

Vanquished Creatures
  Pikel (D:9)
  Joseph (D:7)
  A hippogriff (D:8)
  8 yaks
  A human (D:8)
  Grum (D:10)
  2 hogs (D:8)
  A water moccasin (D:10)
  An ice beast (D:7)
  A phantom (D:9)
  2 slaves (D:9)
  4 orc warriors
  7 ogres
  4 centaurs
  2 wolves (D:10)
  4 big kobolds
  7 bullfrogs
  A gnoll sergeant (D:5)
  Blork the orc (D:4)
  3 scorpions
  5 killer bees
  8 wights
  5 howler monkeys
  6 crimson imps
  A centaur zombie (D:9)
  2 quasits
  A bullfrog zombie (D:5)
  2 hounds (D:9)
  An iguana (D:5)
  4 orc priests
  2 bullfrog skeletons
  Ijyb (D:3)
  Natasha (thrice) (D:2)
  9 orc wizards
  5 worker ants
  A hound zombie (D:6)
  A hound skeleton (D:7)
  A howler monkey zombie (D:5)
  10 gnolls
  7 adders
  2 shadow imps
  2 oozes (D:1)
  2 adder skeletons (D:5)
  An adder zombie (D:5)
  2 worms (D:3)
  A dart slug (D:1)
  6 leopard geckos
  37 orcs
  2 ball pythons
  7 bats
  5 giant cockroaches
  10 goblins
  7 hobgoblins
  14 jackals
  26 kobolds
  5 quokkas
  3 frilled lizards
  A quokka zombie (D:9)
  4 rats
265 creatures vanquished.

Vanquished Creatures (others)
  An orc warrior (D:8)
  A shadow imp (D:8)
  A kobold (D:6)
3 creatures vanquished.

Grand Total: 268 creatures vanquished

Notes
Turn   | Place    | Note
-------+----------+-------------------------------------------
     0 | D:1      | Inarius the Minotaur Fighter began the quest for the Orb.
     0 | D:1      | Reached XP level 1. HP: 19/19 MP: 0/0
    40 | D:1      | Reached XP level 2. HP: 26/27 MP: 1/1
    52 | D:1      | Reached skill level 4 in Shields
   229 | D:1      | Reached XP level 3. HP: 33/33 MP: 2/2
   650 | D:1      | Reached XP level 4. HP: 40/40 MP: 3/3
  1073 | D:2      | Noticed Natasha
  1077 | D:2      | Killed Natasha
  1125 | D:2      | Noticed Natasha
  1130 | D:2      | Killed Natasha
  1188 | D:2      | Noticed Natasha
  1196 | D:2      | Killed Natasha
  1196 | D:2      | Reached XP level 5. HP: 34/46 MP: 4/4
  1349 | D:2      | Reached skill level 5 in Shields
  1728 | D:3      | Reached skill level 5 in Axes
  1779 | D:3      | Noticed Ijyb
  1788 | D:3      | Killed Ijyb
  1788 | D:3      | Reached XP level 6. HP: 52/52 MP: 5/5
  1805 | D:3      | Reached skill level 1 in Dodging
  1851 | D:3      | Gained mutation: You have a pair of large horns on your head. [potion of mutation]
  1851 | D:3      | Gained mutation: You are resistant to hostile enchantments. (MR+) [potion of mutation]
  1851 | D:3      | Gained mutation: You passively map a small area around you. [potion of mutation]
  2130 | D:4      | Noticed Blork the orc
  2152 | D:4      | Killed Blork the orc
  2152 | D:4      | Reached skill level 5 in Armour
  2337 | D:4      | Found Teituwaj's Armour Shop.
  2427 | D:4      | Found a staircase to the Ecumenical Temple.
  2455 | Temple   | Entered the Ecumenical Temple
  2555 | Temple   | Became a worshipper of Ru the Awakened
  2618 | D:4      | Reached skill level 1 in Maces & Flails
  2618 | D:4      | Reached XP level 7. HP: 60/60 MP: 6/6
  3066 | D:5      | Entered Level 5 of the Dungeon
  3140 | D:5      | Reached skill level 6 in Shields
  3344 | D:5      | Reached skill level 7 in Shields
  3434 | D:5      | Reached XP level 8. HP: 67/67 MP: 7/7
  3631 | D:5      | Reached skill level 5 in Fighting
  3672 | D:5      | Gained mutation: You are frail. (-10% HP) [Ru sacrifice]
  3672 | D:5      | Reached * piety under Ru
  4239 | D:6      | Reached skill level 8 in Shields
  4475 | D:6      | Found Usoosat's Antique Armour Shop.
  4498 | D:6      | Bought an embroidered cloak for 283 gold pieces
  5307 | D:7      | Found Withrata's Distillery.
  5323 | D:7      | Reached skill level 9 in Shields
  5340 | D:7      | Reached skill level 5 in Maces & Flails
  5344 | D:7      | Found Vodoesm's Magic Scroll Boutique.
  5367 | D:7      | Bought 2 potions of mutation for 65 gold pieces
  5367 | D:7      | Lost mutation: You have a pair of large horns on your head. [potion of mutation]
  5367 | D:7      | Gained mutation: Armour fits poorly on your strangely shaped body. [potion of mutation]
  5368 | D:7      | Gained mutation: Your spells are a little easier to cast, but a little less powerful. [potion of mutation]
  5411 | D:7      | Reached XP level 9. HP: 66/66 MP: 8/8
  5417 | D:7      | Found Plog's Jewellery Shop.
  5454 | D:7      | Found Lacryaro's Book Boutique.
  5618 | D:7      | Gained mutation: You cannot be stealthy. [Ru sacrifice]
  5744 | D:7      | Noticed Joseph
  5772 | D:7      | Killed Joseph
  5833 | D:7      | Bought a scroll of identify for 24 gold pieces
  5833 | D:7      | Bought a scroll of identify for 24 gold pieces
  5833 | D:7      | Bought a scroll of identify for 24 gold pieces
  5952 | D:8      | Reached skill level 10 in Shields
  6887 | D:8      | Reached skill level 11 in Shields
  6896 | D:8      | Reached XP level 10. HP: 64/74 MP: 9/9
  7227 | D:7      | Bought a scroll of identify for 24 gold pieces
  7231 | D:7      | Lost mutation: Armour fits poorly on your strangely shaped body. [potion of cure mutation]
  7231 | D:7      | Lost mutation: Your spells are a little easier to cast, but a little less powerful. [potion of cure mutation]
  7231 | D:7      | Lost mutation: You are resistant to hostile enchantments. (MR+) [potion of cure mutation]
  7632 | D:9      | Reached skill level 12 in Shields
  7847 | D:9      | Gained mutation: You are somewhat inexperienced. (-2 XL) [Ru sacrifice]
  7847 | D:9      | Reached XP level 9. HP: 69/69 MP: 8/8
  7847 | D:9      | Reached XP level 8. HP: 63/63 MP: 7/7
  7847 | D:9      | Reached ** piety under Ru
  7847 | D:9      | Reached *** piety under Ru
  7848 | D:9      | Noticed Pikel
  7862 | D:9      | Killed Pikel
  7862 | D:9      | Reached XP level 9. HP: 70/70 MP: 8/8
  7943 | D:9      | Found a staircase to the Lair.
  8233 | D:10     | Entered Level 10 of the Dungeon
  8461 | D:10     | Noticed Sonja
  8565 | D:10     | Noticed Grum
  8587 | D:10     | Killed Grum
  8632 | D:10     | Noticed Snorg
  8650 | D:10     | HP: 1/70 [Snorg (13)]
  8655 | D:10     | Slain by Snorg

Skill      XL: |  1  2  3  4  5  6  7  8  9 10 |
---------------+-------------------------------+-----
Armour         | 4 5 6 7 8 9 |  9.4
Shields        | 4 5 7 9 11 12 | 12.7
Axes           | 3 4 5 |  5.9
Fighting       | 4 5 6 |  6.8
Dodging        | 1 2 |  2.8
Maces & Flails | 1 2 5 7 9 |  9.9

Action                   |  1- 3 |  4- 6 |  7- 9 | 10-12 || total
-------------------------+-------+-------+-------+-------++-------
Melee: War axe           |    71 |   114 |       |       ||   185
       Headbutt          |     8 |    22 |   134 |    33 ||   197
       Whip              |       |    31 |   680 |   168 ||   879
Invok: Sacrifice Health  |       |       |     1 |       ||     1
       Sacrifice Experie |       |       |     1 |       ||     1
       Sacrifice Stealth |       |       |     1 |       ||     1
  Use: Scroll            |       |     5 |    10 |     4 ||    19
       Potion            |       |     1 |     4 |     1 ||     6
 Stab: Distracted        |       |       |     1 |       ||     1
  Eat: Chunk             |       |     6 |    21 |     4 ||    31
       Meat ration       |       |       |     1 |       ||     1
       Pizza             |       |       |     1 |       ||     1
Armor: Scale mail        |    44 |    56 |       |       ||   100
       Plate armour      |       |       |   272 |    50 ||   322
       Ring mail         |       |       |     1 |       ||     1
Dodge: Dodged            |    20 |    28 |    59 |    11 ||   118
Block: Shield            |    42 |     1 |       |       ||    43
       Large shield      |       |   122 |   555 |   119 ||   796
